 Dungeon Crawl Stone Soup version 0.23.2-30-g0e89c35649 (webtiles) character file.

Game seed: 14431845730356478758

89 sankara the Sneak (level 4, -1/30 HPs)
             Began as a Halfling Monk on June 22, 2019.
             Slain by a gnoll sergeant
             ... wielding a +0 spear
              (7 damage)
             ... on level 2 of the Dungeon.
             The game lasted 00:08:12 (2925 turns).

sankara the Sneak (Halfling Monk)                   Turns: 2925, Time: 00:08:13

Health: -1/30      AC:  2    Str: 12    XL:     4   Next: 84%
Magic:  4/4        EV: 16    Int:  8    God:
Gold:   94         SH:  0    Dex: 17    Spells: 3/3 levels left

rFire    . . .     SeeInvis .   a - +0 falchion
rCold    . . .     Gourm    .   (shield restricted)
rNeg     . . .     Faith    .   k - +0 robe
rPois    .         Spirit   .   (no helmet)
rElec    .         Reflect  .   (no cloak)
rCorr    .         Harm     .   (no gloves)
MR       .....                  (no boots)
Stlth    +++.......             (no amulet)
HPRegen  0.10/turn              p - ring of wizardry {Wiz+, !d}
MPRegen  0.09/turn              (no ring)

@: no status effects
A: small, mutation resistance 1
a: no special abilities


You were on level 2 of the Dungeon.
You were not hungry.

You visited 1 branch of the dungeon, and saw 3 of its levels.

You collected 94 gold pieces.

Inventory:

Hand Weapons
 a - a +0 falchion (weapon)
 b - a +0 dagger
   (You took it off a goblin on level 1 of the Dungeon)
 n - a +1 short sword of flaming
   (You took it off a kobold on level 2 of the Dungeon)
Missiles
 h - 63 stones (quivered)
 q - 17 poisoned needles
Armour
 k - a +0 robe (worn)
 s - a +1 leather armour of cold resistance
   (You found it on level 3 of the Dungeon)
Jewellery
 p - a ring of wizardry (left hand) {Wiz+, !d}
   (You found it on level 3 of the Dungeon)
 r - an uncursed ring of ice {rC+, rF-}
   (You found it on level 3 of the Dungeon)
Scrolls
 e - 3 scrolls of identify {unknown}
 g - 2 scrolls of remove curse {unknown}
 i - 2 scrolls of enchant armour {unknown}
 l - 2 scrolls of teleportation {unknown}
 m - a scroll of magic mapping {unknown}
Potions
 d - 2 potions of degeneration {unknown}
 f - 5 potions of curing {unknown}
 j - a potion of heal wounds {unknown}
Comestibles
 c - 5 rations
 o - 2 chunks of flesh {@w0}


   Skills:
 - Level 2.6 Fighting
 + Level 2.3(3.6) Short Blades
 - Level 3.4(3.7) Long Blades
 - Level 3.2 Dodging
 * Level 4.2 Stealth


You had 3 spell levels left.
You didn't know any spells.
Your spell library was empty.

Dungeon Overview and Level Annotations

Branches:
Dungeon (3/15)

Altars:
Trog
The Shining One

Annotations:
D:3 1 runed translucent door, Crazy Yiuf


Innate Abilities, Weirdness & Mutations

You are small and have problems with some larger weapons.
You are somewhat resistant to further mutation.


Message History

The bat closely misses you.
You riposte.
You barely miss the bat.
The bat is moderately wounded.
You see here an adder corpse.
The bat completely misses you.
You riposte.
You miss the bat.
The bat is moderately wounded.
The bat closely misses you.
You miss the bat. The bat hits you. The bat misses you.
You riposte.
You barely miss the bat. You completely miss the bat.
The bat completely misses you. The bat hits you but does no damage.
You closely miss the bat. The bat closely misses you.
The bat barely misses you.
You riposte.
You hit the bat.
You kill the bat!
You see here an adder corpse.
You butcher the adder corpse.
o - 7 chunks of flesh {@w0} (gained 2)
You see here an adder skeleton.
There is an escape hatch in the floor here.
b - a +0 dagger (weapon)
You start resting.
Some of the chunks of flesh in your inventory have rotted away.
HP restored.
You slide downwards.
The hatch slams shut behind you.
Level annotation: 1 runed translucent door, Crazy Yiuf
There is a stone staircase leading up here.
The bat is too close now for your liking.
a - a +0 falchion (weapon)
There is a stone staircase leading up here.
Quiver which item? (- for none, * to show all) (? for menu, Esc to quit)
Okay, then.
Throwing (i - inventory)
h - 68 stones (quivered)
Press: ? - help, Shift-Dir - straight line, f - kobold
Aim: a kobold, wielding a +0 short sword You throw a stone.
The stone closely misses the kobold.
Throwing (i - inventory)
h - 67 stones (quivered)
Press: ? - help, Shift-Dir - straight line, f/p - kobold
Aim: a kobold, wielding a +0 short sword You throw a stone.
The stone closely misses the kobold.
Throwing (i - inventory)
h - 66 stones (quivered)
Press: ? - help, Shift-Dir - straight line, f/p - kobold
Aim: a kobold, wielding a +0 short sword You throw a stone.
The stone closely misses the kobold.
Throwing (i - inventory)
h - 65 stones (quivered)
Press: ? - help, Shift-Dir - straight line, f/p - kobold
Aim: a kobold, wielding a +0 short sword You throw a stone.
The stone closely misses the kobold.
Throwing (i - inventory)
h - 64 stones (quivered)
Press: ? - help, Shift-Dir - straight line, f/p - kobold
Aim: a kobold, wielding a +0 short sword You throw a stone.
The stone hits the kobold.
The kobold is moderately wounded.
You closely miss the kobold.
The kobold is moderately wounded.
The kobold completely misses you.
You hit the kobold.
You kill the kobold!
You see here a +0 short sword.
The bat hits you. The bat closely misses you.
You riposte.
You hit the bat.
The bat is moderately wounded.
The bat misses you.
You riposte.
You hit the bat.
You kill the bat!
No target in view!
e - 3 scrolls labeled HONANE OSKE (gained 1) Some of the chunks of flesh in your inventory have rotted away.
The gnoll sergeant shouts!
The gnoll sergeant is too close now for your liking.
You see here a glowing leather armour.
s - a glowing leather armour
There is a stone staircase leading up here.
The gnoll sergeant hits you with a +0 spear.
There is a stone staircase leading up here.
The gnoll sergeant completely misses you.
You riposte.
You closely miss the gnoll sergeant.
You climb upwards.
There is a stone staircase leading down here.
You hit the gnoll sergeant but do no damage.
The gnoll sergeant hits you but does no damage.
You hit the gnoll sergeant but do no damage.
The gnoll sergeant hits you with a +0 spear.
The gnoll sergeant blocks your attack.
The gnoll sergeant hits you with a +0 spear.
You hit the gnoll sergeant.
The gnoll sergeant is moderately wounded.
The gnoll sergeant hits you with a +0 spear.
You hit the gnoll sergeant.
The gnoll sergeant is heavily wounded.
The gnoll sergeant hits you but does no damage.
You barely miss the gnoll sergeant.
The gnoll sergeant is heavily wounded.
The gnoll sergeant hits you with a +0 spear.
You barely miss the gnoll sergeant.
The gnoll sergeant is moderately wounded.
The gnoll sergeant hits you with a +0 spear.
* * * LOW HITPOINT WARNING * * *
You hit the gnoll sergeant but do no damage.
The gnoll sergeant is moderately wounded.
The gnoll sergeant barely misses you.
The gnoll sergeant hits you with a +0 spear!
You die...

#### ##........ #..# #.........
########## ##..# ####.#......
.........## #...# #..#.#####..
..........###.#.######.##.##.....
...........#......##...#.÷.#####.
.......................#.○.# #.
......................##...#####.
...........#....@...####._.#..##.
...............g....# #...#..###
...........#........# ######..# #
........)###........###.......# #
.....##.## #.........##.......###
.#......# #.......#..........#..
......### #.......#..........#..
#......#####...##....##..........
#...................###.......#..


You could see a gnoll sergeant.

Vanquished Creatures
  4 adders (D:2)
  An ooze (D:1)
  4 giant cockroaches
  4 goblins
  5 hobgoblins
  6 jackals (D:1)
  10 kobolds
  A quokka (D:3)
  4 bats
  2 frilled lizards
  6 rats
47 creatures vanquished.

Notes
Turn   | Place    | Note
-------+----------+-------------------------------------------
     0 | D:1      | sankara the Halfling Monk began the quest for the Orb.
     0 | D:1      | Reached XP level 1. HP: 15/15 MP: 1/1
   261 | D:1      | Reached XP level 2. HP: 20/20 MP: 2/2
   620 | D:1      | Reached skill level 3 in Stealth
   824 | D:1      | Reached XP level 3. HP: 22/25 MP: 3/3
  1017 | D:2      | Reached skill level 1 in Short Blades
  1044 | D:2      | HP: 6/25 [poisoned by an adder]
  1672 | D:2      | Reached XP level 4. HP: 21/30 MP: 4/4
  1809 | D:2      | Reached skill level 2 in Short Blades
  2090 | D:2      | Found a bloodstained altar of Trog.
  2177 | D:2      | Found a glowing golden altar of the Shining One.
  2400 | D:3      | Reached skill level 4 in Stealth
  2624 | D:3      | Found a runed translucent door.
  2625 | D:3      | Noticed Crazy Yiuf
  2731 | D:3      | Noticed a gnoll sergeant
  2924 | D:2      | HP: 6/30 [gnoll sergeant/+0 spear (4)]
  2925 | D:2      | Slain by a gnoll sergeant

Skill      XL: |  1  2  3  4 |
---------------+-------------+-----
Stealth        | 3 4 |  4.2
Short Blades   | 1 2 |  2.3
Fighting       | |  2.6
Long Blades    | |  3.4
Dodging        | |  3.2

Action                   |  1- 3 |  4- 6 || total
-------------------------+-------+-------++-------
Melee: Falchion          |    98 |    46 ||   144
       Dagger            |     8 |    12 ||    20
Throw: Stone             |       |     5 ||     5
 Stab: Sleeping          |     3 |     4 ||     7
  Eat: Chunk             |     1 |     5 ||     6
Armor: Robe              |    10 |    13 ||    23
Dodge: Dodged            |    90 |    68 ||   158
       Rpst.: Falchion   |    18 |    12 ||    30

Levels and vault maps discovered:
D:1:      minmay_arrival_four_circles, layout_basic
D:2:      layout_rooms, nicolae_tso_swordbearing_angel, first_ration, trog_book
D:3:      layout_rooms, minmay_randomly_rotated_circles, uniq_crazy_yiuf_cottage

Table legend:
 A = Turns spent in this place as a percentage of turns spent in the entire game.
 B = Non-inter-level travel turns spent in this place as a percentage of non-inter-level travel turns spent in the entire game.
 C = Inter-level travel turns spent in this place as a percentage of turns spent in this place.
 D = Turns resting spent in this place as a percentage of non-inter-level travel turns spent in this place.
 E = Turns spent auto-exploring this place as a percentage of non-inter-level travel turns spent in this place.
 F = Non-inter-level travel turns spent in this place divided by the number of levels of this place that you've seen.
                   A       B       C       D       E      F
               +-------+-------+-------+-------+-------+----------------------
         Total | 100.0 | 100.0 |   3.2 |  45.1 |  37.4 | 943.7
       Dungeon | 100.0 | 100.0 |   3.2 |  45.1 |  37.4 | 943.7
               +-------+-------+-------+-------+-------+----------------------

Table legend:
 A = Kills in this place as a percentage of kills in entire the game.
 B = Kills by you in this place as a percentage of kills by you in the entire game.
 C = Kills by friends in this place as a percentage of kills by friends in the entire game.
 D = Other kills in this place as a percentage of other kills in the entire game.
 E = Experience gained in this place as a percentage of experience gained in the entire game.
 F = Experience gained in this place divided by the number of levels of this place that you have seen.
                   A       B       C       D       E      F
               +-------+-------+-------+-------+-------+----------------------
         Total | 100.0 | 100.0 |   N/A |   N/A | 100.0 |  42.7
       Dungeon | 100.0 | 100.0 |   N/A |   N/A | 100.0 |  42.7
               +-------+-------+-------+-------+-------+----------------------
